 Dungeon Crawl Stone Soup version 0.31-a0-1620-gcbf77bbcfc (webtiles) character file.

Game seed: 8075266402633996624

4559 Curundu the Severer (level 10, 0/117 HPs)
             Began as a Minotaur Berserker on Jan 11, 2024.
             Was an Elder of Trog.
             Slain by an orc warrior
             ... wielding a +0 flail
             ... led by an orc knight
              (11 damage)
             ... on level 9 of the Dungeon.
             The game lasted 00:26:08 (7631 turns).

Curundu the Severer (Minotaur Berserker)            Turns: 7631, Time: 00:26:08

Health: 0/117      AC: 19    Str: 25    XL:     10   Next: 18%
Magic:  9/9        EV:  7    Int:  4    God:    Trog [****..]
Gold:   837        SH:  0    Dex: 11    Spells: 9/9 levels left

rFire   . . .        u - +1 war axe (freeze)
rCold   . . .        (no shield)
rNeg    . . .        e - +2 plate armour
rPois   .            B - +2 hat
rElec   .            (no cloak)
rCorr   .            (no gloves)
SInv    .            (no boots)
Will    ++...        t - amulet of regeneration Stlth
                     k - +4 ring of protection
HPRegen 2.19/turn    (no ring)
MPRegen 0.11/turn

%: no passive effects
@: berserking, strong-willed (expiring), regenerating (expiring), very quick
A: horns 2, retaliatory headbutt
a: Renounce Religion, Berserk, Trog's Hand, Brothers in Arms


You were on level 9 of the Dungeon.
You worshipped Trog.
Trog was greatly pleased with you.
You visited 2 branches of the dungeon, and saw 10 of its levels.

You collected 837 gold pieces.

Inventory:

Hand Weapons
 a - a +1 hand axe of venom
 s - a +0 war axe
 u - a +1 war axe of freezing (weapon)
 v - a +2 hand axe of freezing
Missiles
 m - 19 poisoned darts (quivered)
 q - 5 boomerangs
 D - 2 curare-tipped darts
Armour
 e - a +2 plate armour (worn)
 B - a +2 hat (worn)
Jewellery
 f - a ring of protection from fire
 i - a ring of protection from cold
 k - a +4 ring of protection (left hand)
 t - an amulet of regeneration (around neck)
 z - a ring of positive energy
Wands
 l - a wand of polymorph (3)
 w - a wand of flame (21)
 C - a wand of iceblast (7)
 E - a wand of mindburst (5)
Scrolls
 g - 3 scrolls of teleportation
 x - a scroll of fog
 F - a scroll of blinking
Potions
 b - 2 potions of haste
 c - 2 potions of berserk rage {unknown}
 d - 2 potions of might
 h - 4 potions of curing
 j - 2 potions of heal wounds
 n - a potion of cancellation {unknown}
 o - 2 potions of mutation
 p - a potion of ambrosia {unknown}
 r - a potion of invisibility {unknown}
 A - a potion of magic


   Skills:
 - Level 4.0 Fighting
 + Level 17.3 Axes
 - Level 3.0 Armour
 - Level 2.6 Dodging


You had 9 spell levels left.
You didn't know any spells.
Your spell library was empty.

Dungeon Overview and Level Annotations

Branches:
Dungeon (9/15)             Temple (0/1) D:4             Orc (1/2) D:9
   Lair: D:8-11

Altars:
Dithmenos
Gozag
Hepliaklqana
Nemelex Xobeh
Okawaru
Qazlal
Ru
Trog
Uskayaw
Yredelemnul

Annotations:
D:9 4 transporters


Innate Abilities, Weirdness & Mutations

You have a pair of horns on your head.
You reflexively headbutt those who attack you in melee.


Message History

The orc priest mumbles some strange prayers to Beogh against you.
Beogh smites you!
Your skin crawls.
You feel strong-willed.
The orc warrior hits you but does no damage.
The ogre hits you with a +0 giant spiked club.
Items here: ))) [[ †††.
The orc priest looks encouraged for a moment.
The orc priest looks satisfied for a moment.
There is a staircase back to the Dungeon here.
The orc priest begins to cast a cantrip, but forgets the words!
You climb upwards.
Welcome back to the Dungeon!
Level annotation: 4 transporters
There is a staircase to the Orcish Mines here.
You start resting.
HP restored.
You climb downwards.
Welcome back to the Orcish Mines!
You feel the effects of Trog's Hand fading.
The warg bites you but does no damage.
The orc knight roars a battlecry!
The orc warrior goes into a battle-frenzy!
The ogre hits you with a +0 giant spiked club!
The warg bites you! The orc warrior barely misses you.
The orc knight roars a battlecry!
The orc goes into a battle-frenzy!
There is a staircase back to the Dungeon, spattered with blood here.
The warg bites you.
The ogre hits you with a +0 giant spiked club!
The orc knight roars a battlecry!
The orc goes into a battle-frenzy!
The warg bites you!
* * * LOW HITPOINT WARNING * * *
You climb upwards.
Welcome back to the Dungeon!
Level annotation: 4 transporters
There is a staircase to the Orcish Mines here.
A red film seems to cover your vision as you go berserk!
You feel yourself moving faster!
You feel mighty! The warg bites you!
* * * LOW HITPOINT WARNING * * *
The orc warrior hits you with a +0 flail!
You die...

#...###...#..##...#.#.....#......
###.# #.....###..#...#.#.##......
###.###.#.#)######.#####........#
##...##..##.##......##.#..#..#...
#...###.#.....#.......##.#....#..
#.#..##.##.#.#..##.##.##.........
.....#..#.##.##..###..##.........
#.#..###..#.#.[Oh####.##.........
.....##.........@o..##.#.........
#.#..#.##.###..#o.#.####.........
.....####.#...###...####.........
#.#..#####)[##........##.........
.....##.#[#[...#.##....#>###)....
#.##.#..#[##..#.##....##.........
.....#.#.#.#####..###.##.........
...#.##[)......###..#.##.........
.[..##.)#.##..###..#..##.........


You could see an orc knight, a warg, an orc warrior (strong) and an ogre.

Vanquished Creatures
  Pikel (D:7)
  A hornet (D:9)
  2 trolls (D:8)
  A vampire mosquito (D:7)
  2 wargs
  A water moccasin (D:6)
  4 orc warriors
  An ice beast (D:6)
  3 sky beasts
  A black bear (D:6)
  3 ogres
  A lemure (D:7)
  A phantom (D:4)
  A gnoll sergeant (D:9)
  4 kobold brigands
  3 bullfrogs
  3 scorpions
  7 howler monkeys
  A bombardier beetle (D:7)
  3 hounds
  A gnoll bouda (D:8)
  A jelly (D:7)
  3 orc priests
  3 sleepcaps
  3 iguanas
  8 orc wizards
  5 gnolls
  3 adders
  3 shadow imps
  2 white imps (D:7)
  2 ufetubi (D:6)
  2 dart slugs
  37 orcs
  5 ball pythons
  6 bats
  4 endoplasms
  5 giant cockroaches
  9 goblins
  11 hobgoblins
  3 jackals (D:5)
  16 kobolds
  2 quokkas (D:3)
  2 frilled lizards (D:1)
  10 rats
190 creatures vanquished.

Notes
Turn   | Place    | Note
-------+----------+-------------------------------------------
     0 | D:1      | Curundu the Minotaur Berserker began the quest for the Orb.
     0 | D:1      | Reached XP level 1. HP: 19/19 MP: 0/0
   124 | D:1      | Reached XP level 2. HP: 22/27 MP: 1/1
   310 | D:1      | Reached skill level 4 in Axes
   427 | D:1      | Reached ** piety under Trog
   443 | D:1      | Reached XP level 3. HP: 32/33 MP: 2/2
  1654 | D:3      | Found a faded altar of an unknown god.
  1678 | D:3      | Reached skill level 5 in Axes
  1803 | D:3      | Reached XP level 4. HP: 36/40 MP: 3/3
  2234 | D:3      | Found a basalt altar of Yredelemnul.
  2354 | D:4      | Found a shadowy altar of Dithmenos.
  2455 | D:4      | Noticed an ogre
  2466 | D:4      | Killed an ogre
  2467 | D:4      | Reached skill level 6 in Axes
  2467 | D:4      | Reached XP level 5. HP: 22/46 MP: 4/4
  2492 | D:4      | Reached skill level 7 in Axes
  2707 | D:4      | Reached XP level 6. HP: 35/52 MP: 5/5
  2827 | D:4      | Reached skill level 8 in Axes
  2913 | D:4      | Found a staircase to the Ecumenical Temple.
  3107 | D:5      | Entered Level 5 of the Dungeon
  3191 | D:5      | Reached *** piety under Trog
  3479 | D:5      | Reached skill level 9 in Axes
  3479 | D:5      | Reached XP level 7. HP: 56/59 MP: 6/6
  3816 | D:6      | Reached skill level 10 in Axes
  3998 | D:6      | Reached skill level 11 in Axes
  4123 | D:6      | Reached XP level 8. HP: 59/66 MP: 7/7
  4188 | D:6      | Found an opulent altar of Gozag.
  4189 | D:6      | Found a bloodstained altar of Trog.
  4189 | D:6      | Found an iron altar of Okawaru.
  4307 | D:6      | Found a sparkling altar of Nemelex Xobeh.
  4528 | D:7      | Reached skill level 12 in Axes
  4809 | D:7      | Noticed Pikel
  4850 | D:7      | Killed Pikel
  4851 | D:7      | Reached skill level 13 in Axes
  5026 | D:7      | Reached **** piety under Trog
  5027 | D:7      | Reached XP level 9. HP: 62/71 MP: 8/8
  5098 | D:7      | Reached skill level 14 in Axes
  5760 | D:8      | Found a hide-covered altar of Uskayaw.
  5845 | D:8      | Found a sacrificial altar of Ru.
  5866 | D:8      | Found a hazy altar of Hepliaklqana.
  5878 | D:8      | Reached skill level 15 in Axes
  6260 | D:9      | Noticed a troll
  6273 | D:8      | Killed a troll
  6377 | D:9      | Found a transporter.
  6379 | D:9      | Found a transporter.
  6381 | D:9      | Found a transporter.
  6381 | D:9      | Found a transporter.
  6456 | D:9      | Found a staircase to the Orcish Mines.
  6465 | D:9      | Reached skill level 16 in Axes
  6487 | D:9      | Noticed a troll
  6515 | D:8      | Killed a troll
  6516 | D:8      | Reached XP level 10. HP: 23/78 MP: 9/9
  6826 | D:9      | Found a stormy altar of Qazlal.
  6834 | D:9      | Reached skill level 17 in Axes
  7514 | Orc:1    | Entered Level 1 of the Orcish Mines
  7587 | Orc:1    | Noticed an orc knight
  7631 | D:9      | Slain by an orc warrior

Illustrated notes

Levels and vault maps discovered:
D:1:      lemuel_arrival_rhombus, layout_loops_ring, minmay_pentomino_r4
D:2:      layout_basic
D:3:      layout_loops_cross, mainiacjoe_overflow_alcove_4,
          shapermc_ecumenical_altar_mp_urbaneastern, serial_park_tiny_1,
          serial_park_tiny_1
D:4:      layout_basic, kennysheep_mini_moat, minmay_temple_entry_purple_smoke
D:5:      layout_rooms, nrook_uturn, reono_crystal_passage
D:6:      layout_rooms, general_overflow_altar,
          chequers_temple_overflow_statue_of_worship, serial_corexii_hall,
          corexii_hall_statues_deadend, chequers_hall_statues_y,
          corexii_hall_statues_l
D:7:      layout_rooms, minmay_small_thing, uniq_pikel
D:8:      layout_basic, amcnicky_altar_gilded, nicolae_uskayaw_suspiria,
          nicolae_ru_sacrificial_ziggurat
D:9:      layout_cross, mainiacjoe_overflow_surrounded_room, erik_orc_3,
          st_stairs_9, minivault_27, nicolae_concentric_dashed_squares_wild,
          nicolae_diode_quadrants
Orc:1:    layout_caves

Skill      XL: |  1  2  3  4  5  6  7  8  9 10 |
---------------+-------------------------------+-----
Fighting       | 4 |  4.0
Axes           | 4 5 6 7 9 11 13 16 17 | 17.3
Armour         | 3 |  3.0
Dodging        | |  2.6

Action                     |  1- 3 |  4- 6 |  7- 9 | 10-12 || total
---------------------------+-------+-------+-------+-------++-------
  Melee: Hand axe          |   107 |    98 |   165 |       ||   370
         Headbutt          |    10 |    18 |    33 |    10 ||    71
         Punch             |       |     1 |     5 |       ||     6
         War axe           |       |       |    79 |    33 ||   112
 Invoke: Trog's Hand       |       |       |     2 |     1 ||     3
         Berserk           |       |       |     1 |     1 ||     2
    Use: Scroll            |     6 |     6 |     6 |     1 ||    19
 Armour: Animal skin       |    14 |       |       |       ||    14
         Plate armour      |    70 |    77 |   238 |    36 ||   421
  Dodge: Dodged            |    62 |    33 |    94 |     5 ||   194

Table legend: (Time is in decaauts)
 A = Elapsed time spent in this place.
 B = Non-inter-level travel time spent in this place.
 C = Inter-level travel time spent in this place.
 D = Time resting spent in this place.
 E = Time spent auto-exploring this place.
 F = Levels seen in this place.
 G = Mean time per level.
                   A        B        C        D        E       F      G
               +--------+--------+--------+--------+--------+-----+--------+
         Total |   7573 |   7564 |      9 |    175 |   5542 |  10 |  757.3 |
       Dungeon |   7471 |   7462 |      9 |    175 |   5498 |   9 |  830.1 |
  Orcish Mines |    101 |    101 |      0 |      0 |     44 |   1 |  101.0 |
               +--------+--------+--------+--------+--------+-----+--------+

Top non-repeatable levels by time:
     D:9: 1166 daAuts
     D:8: 943 daAuts
     D:7: 905 daAuts
     D:2: 805 daAuts
     D:4: 795 daAuts
     D:1: 759 daAuts
     D:3: 754 daAuts
     D:5: 681 daAuts
     D:6: 659 daAuts
   Orc:1: 101 daAuts
